 Dungeon Crawl Stone Soup version 0.19-a0-1511-g16f215b (webtiles) character file.

184 jacquesderrida the Ruffian (level 5, -2/28 HPs)
             Began as a Vine Stalker Wanderer on Sept 11, 2016.
             Slain by Menkaure (12 damage)
             ... on level 4 of the Dungeon.
             The game lasted 00:05:12 (680 turns).

jacquesderrida the Ruffian (Vine Stalker Wanderer)   Turns: 680, Time: 00:05:13

Health: -2/28      AC: 10    Str: 15    XL:     5   Next: 63%
Magic:  0/6        EV:  9    Int: 13    God:
Gold:   65         SH:  0    Dex: 13    Spells: 0 memorised, 4 levels left

rFire  . . .     SeeInvis .       - Unarmed
rCold  . . .     Gourm    .     a - +2 scale mail
rNeg   . . .     Faith    .     (no shield)
rPois  .         Spirit   +     (no helmet)
rElec  .         Dismiss  .     (no cloak)
rCorr  .         Reflect  .     i - +1 pair of gloves
MR     .....     Harm     .     (no boots)
Stlth  ..........               (no amulet)
                                (no ring)
                                n - ring of wizardry

@: no status effects
A: fangs 2, regeneration 1, magic shield, antimagic bite, no device heal 3, rot
immunity
a: no special abilities


You were on level 4 of the Dungeon.
You were not hungry.

You visited 1 branch of the dungeon, and saw 5 of its levels.

You collected 65 gold pieces.

Inventory:

Missiles
 l - a throwing net (quivered)
Armour
 a - a +2 scale mail (worn)
 i - a +1 pair of gloves (worn)
 k - a +0 large shield
Jewellery
 n - a ring of wizardry (left hand)
Scrolls
 h - a scroll of enchant weapon {unknown}
 j - a scroll of fog {unknown}
 m - a scroll of teleportation {unknown}
 p - a scroll of amnesia {unknown}
Books
 o - a Fen Folio

   Spells                             Type                      Level
   a - Corpse Rot                     Necromancy                   2
   b - Stone Arrow                    Conjuration/Earth            3
   c - Leda's Liquefaction            Hexes/Earth                  4
   d - Summon Forest                  Summoning/Translocation      5
   e - Hydra Form                     Transmutation                6
   f - Summon Hydra                   Summoning                    7
Comestibles
 f - a bread ration
 g - a beef jerky
 q - a fruit


   Skills:
 + Level 3.0 Fighting
   Level 2.6(2.8) Axes
   Level 1.0(2.0) Maces & Flails
 - Level 1.5 Armour
 - Level 1.2 Stealth
 * Level 4.4 Unarmed Combat
   Level 1.0 Evocations


You had 4 spell levels left.
You didn't know any spells.

Dungeon Overview and Level Annotations

Branches:
Dungeon (5/15)
 Temple: D:4-7

Altars:
The Shining One

Annotations:
D:3 1 runed door
D:4 Menkaure
D:5 Prince Ribbit


Innate Abilities, Weirdness & Mutations

You have extremely sharp teeth.
Your natural rate of healing is unusually fast.
When hurt, damage is shared between your health and your magic reserves.
Your bite disrupts and absorbs the magic of your enemies.
Potions and wands cannot restore your health.
You are immune to rotting.


Message History

Menkaure closely misses you.
There is a stone staircase leading up here.
Unknown command.
You hit Menkaure.
Menkaure is moderately damaged.
Unknown command.
You hit Menkaure.
Menkaure is moderately damaged.
Menkaure gestures at you while chanting.
Pain shoots through your body!
Unknown command.
You hit Menkaure but do no damage.
Menkaure is moderately damaged.
Menkaure gestures wildly while chanting.
Menkaure seems to speed up.
Unknown command.
You hit Menkaure. You bite Menkaure, but do no damage.
Menkaure is heavily damaged.
Menkaure hits you!
You die...

##. #.[ ..# ..
..# ..###. . #.#
.....
<...###.###...#
#.. ....%....####
.... #.........#
....)##..@...w..#
..........M.....#
...#..>#.....##.
......###..##....
....# #### ...
... .# .. #


You could see Menkaure and a worm.

Vanquished Creatures
  3 orc priests (D:5)
  An orc wizard (D:5)
  A worker ant (D:5)
  An adder (D:5)
  A howler monkey skeleton (D:5)
  A worm (D:2)
  A dart slug (D:2)
  4 orcs (D:5)
  2 goblins (D:3)
  2 hobgoblins
  2 jackals (D:5)
  A quokka (D:2)
  A giant newt (D:3)
  5 kobolds
  2 rats
28 creatures vanquished.

Notes
Turn   | Place    | Note
-------+----------+-------------------------------------------
     0 | D:1      | jacquesderrida the Vine Stalker Wanderer began the quest for the Orb.
     0 | D:1      | jacquesderrida set off with: a +2 scale mail, a +0 hand crossbow, 24 bolts, a potion of lignification, a bread ration
     0 | D:1      | Reached XP level 1. HP: 11/11 MP: 2/2
   112 | D:1      | Reached skill level 1 in Unarmed Combat
   263 | D:2      | Reached XP level 2. HP: 15/15 MP: 3/3
   274 | D:2      | Reached skill level 2 in Unarmed Combat
   442 | D:3      | Found a glowing golden altar of the Shining One.
   442 | D:3      | Noticed an angel
   443 | D:3      | Found a runed door.
   450 | D:3      | Noticed a gnoll sergeant
   535 | D:4      | Noticed Menkaure
   539 | D:5      | Entered Level 5 of the Dungeon
   564 | D:5      | Reached XP level 3. HP: 16/18 MP: 4/4
   568 | D:5      | Reached skill level 3 in Unarmed Combat
   571 | D:5      | Gained mutation: Your natural rate of healing is unusually fast. [Vine Stalker growth]
   571 | D:5      | Reached XP level 4. HP: 19/23 MP: 5/5
   587 | D:5      | Reached XP level 5. HP: 19/27 MP: 4/6
   589 | D:5      | Reached skill level 4 in Unarmed Combat
   643 | D:5      | Noticed Prince Ribbit
   680 | D:4      | Slain by Menkaure

Vault maps used:
D:1:      mushboom_english_gardens, grunt_decor_one_mirror, dk_noncrumbling_3
D:2:      lemuel_coloured_pillars_altar, grunt_ministairs_10
D:3:      minmay_misc_feat_secret_circle, lemuel_angel_altar, uniq_iyjb
D:4:      nicolae_overflow_hidden_temple, first_bread, uniq_menkaure,
          uniq_duvessa, uniq_crazy_yiuf_cottage, uniq_eustachio,
          uniq_blork_the_orc
D:5:      kennysheep_opposing_triangles, uniq_prince_ribbit1, uniq_edmund

Skill      XL: |  1  2  3  4  5 |
---------------+----------------+-----
Unarmed Combat | 1 2 3 4 |  4.4
Fighting       | 2 3 |  3.0
Axes           | |  2.6
Maces & Flails | |  1.0
Armour         | |  1.5
Stealth        | |  1.2
Evocations     | |  1.0

Action                   |  1- 3 |  4- 6 || total
-------------------------+-------+-------++-------
Melee: Unarmed           |     7 |    32 ||    39
       Punch             |       |     3 ||     3
       Bite              |       |     2 ||     2
 Fire: Hand crossbow     |    42 |       ||    42
  Use: Potion            |     2 |       ||     2
 Stab: Invisible         |     1 |     3 ||     4
Armor: Scale mail        |    16 |     3 ||    19
       Skin              |     4 |    25 ||    29
Dodge: Dodged            |    17 |     5 ||    22
